 Dungeon Crawl Stone Soup version 0.29.1-1-gd02db69 (webtiles) character file.

Game seed: 11319292070513793899

265 Timinator the Insei (level 5, -6/41 HPs)
             Began as a Demigod Transmuter on Jan 13, 2023.
             Mangled by an ogre
             ... wielding a +0 giant spiked club
              (25 damage)
             ... on level 4 of the Dungeon.
             The game lasted 00:07:42 (3665 turns).

Timinator the Insei (Demigod Transmuter)            Turns: 3665, Time: 00:07:43

Health: -6/41      AC:  5    Str: 11    XL:     5   Next: 66%
Magic:  10/10      EV: 12    Int: 15    God:
Gold:   298        SH:  0    Dex: 18    Spells: 5/8 levels left

rFire   + . .      SeeInvis .     - Unarmed
rCold   . . .      Faith    .   (no shield)
rNeg    + . .      Spirit   .   j - +2 leather armour {rF+}
rPois   +          Reflect  .   (helmet currently unavailable)
rElec   .          Harm     .   (no cloak)
rCorr   .          Rampage  .   (no gloves)
Will    .....                   (boots currently unavailable)
Stlth   +.........              (no amulet)
HPRegen 0.13/turn               h - ring of poison resistance
MPRegen 0.12/turn               i - ring of positive energy

@: appendages (expiring)
A: horns 2, talons 2, high MP 1, forlorn, divine attributes
a: End Transformation


You were on level 4 of the Dungeon.
You had temporarily grown beastly horns and talons.
You visited 1 branch of the dungeon, and saw 4 of its levels.

You collected 298 gold pieces.

Inventory:

Missiles
 p - 7 poisoned darts
 s - a throwing net
Armour
 j - a +2 leather armour of fire resistance (worn)
 m - a scarf of invisibility
 v - a +0 pair of boots (melded)
Jewellery
 h - a ring of poison resistance (left hand)
 i - a ring of positive energy (right hand)
Scrolls
 a - a scroll of torment {unknown}
 c - 2 scrolls of identify {unknown}
 e - 2 scrolls of vulnerability {unknown}
 f - 2 scrolls of teleportation {unknown}
 k - 2 scrolls of enchant armour {unknown}
 l - a scroll of summoning {unknown}
 t - a scroll of poison {unknown}
 w - a scroll of amnesia {unknown}
Potions
 b - a potion of lignification
 d - a potion of flight {unknown}
 g - a potion of heal wounds {unknown}
 n - a potion of degeneration {unknown}
 o - a potion of might {unknown}
 q - 2 potions of magic {unknown}
 r - a potion of mutation {unknown}
 u - a potion of brilliance {unknown}


   Skills:
 * Level 2.0 Fighting
 * Level 2.2 Armour
 + Level 2.1 Dodging
 + Level 4.2 Unarmed Combat
 - Level 2.0 Spellcasting
 + Level 2.9 Transmutations


You had 5 spell levels left.
You knew the following spells:

 Your Spells              Type           Power      Damage    Failure   Level
a - Beastly Appendage     Tmut           20%        N/A       9%          1
b - Wereblood             Tmut           10%        N/A       13%         2

Your spell library contained the following spells:

 Spells                   Type           Power      Damage    Failure   Level
 Spider Form              Tmut/Pois      5%         N/A       43%         3
 Ice Form                 Ice/Tmut       5%         N/A       85%         4
 Conjure Ball Lightning   Conj/Air       0%         3x3d6     100%        6
 Discord                  Hex            0%         N/A       100%        8
 Disjunction              Tloc           0%         N/A       100%        8


Dungeon Overview and Level Annotations

Branches:
Dungeon (4/15)
 Temple: D:4-7

Shops:
D:3 (


Innate Abilities, Weirdness & Mutations

You have temporarily grown beastly horns and talons.
You have an increased reservoir of magic. (+10% MP)
You shall have no god before yourself.
Your divine heritage dramatically boosts your attributes as you level up.


Message History

You open the door.
There is an open door here.
As you open the door, it creaks loudly!
You hear a shout!
An ogre comes into view. It is wielding a +0 giant spiked club.
There is an open door here.
You aren't carrying any items that you can evoke.
Okay, then.
Casting: Beastly Appendage (safe; 9% risk of failure)
Confirm with . or Enter, or press ? or * to list all spells.
You grow a pair of large bovine horns.
Your feet morph into talons.
Your +0 pair of boots melds into your body.
You hit the ogre but do no damage. The ogre barely misses you.
You hit the ogre. Your kick misses the ogre.
The ogre is lightly wounded.
You hit the ogre.
The ogre is moderately wounded.
The ogre misses you.
You closely miss the ogre. Your kick misses the ogre.
You headbutt the ogre, but do no damage.
The ogre is moderately wounded.
The ogre barely misses you.
You hit the ogre. You claw the ogre, but do no damage. You headbutt the ogre.
The ogre is heavily wounded.
You barely miss the ogre. You claw the ogre.
The ogre is heavily wounded.
Your transformation is almost over.
The ogre hits you with a +0 giant spiked club!!
Ouch! That really hurt!
You hit the ogre. You headbutt the ogre.
The ogre is severely wounded.
The ogre misses you.
You hit the ogre but do no damage. You claw the ogre, but do no damage.
You headbutt the ogre.
The ogre is almost dead.
You hit the ogre but do no damage. You claw the ogre, but do no damage.
Your headbutt misses the ogre.
The ogre is almost dead.
The ogre hits you with a +0 giant spiked club!!
Ouch! That really hurt!
You die...

..##############......####..#.#..
...............'......'..+##+.#._
....############......#.##..#.#..
....# #..... #......#.##..#.'..
....# #..... ########..'..'###'
....# #..... ####..#.... '####
#..... #..#.... .#
#.....################'###' .#
#.....'..O@................ .#
#.....#################...# .#
###+## #........... .#######
####.##).####.. .......#
#.<...........# ..##...#
###......######.# ..# .#
#...##.#######..# #.## .
###...........##..# ...##..
#....###.####.##..#


You could see an ogre.

Vanquished Creatures
  An ogre (D:4)
  A scorpion (D:4)
  4 adders
  4 worms
  5 dart slugs
  3 orcs (D:3)
  5 ball pythons
  7 endoplasms
  2 giant cockroaches
  6 goblins
  11 hobgoblins
  4 kobolds
  A quokka (D:4)
  4 bats
  4 frilled lizards
  4 rats
66 creatures vanquished.

Notes
Turn   | Place    | Note
-------+----------+-------------------------------------------
     0 | D:1      | Timinator the Demigod Transmuter began the quest for the
                  | Orb.
     0 | D:1      | Reached XP level 1. HP: 15/15 MP: 5/5
   312 | D:1      | Reached skill level 1 in Fighting
   431 | D:1      | Reached XP level 2. HP: 23/23 MP: 5/7
   466 | D:1      | Reached skill level 3 in Unarmed Combat
   922 | D:1      | Learned a level 2 spell: Wereblood
  1273 | D:2      | Reached XP level 3. HP: 26/28 MP: 5/8
  1337 | D:2      | Reached skill level 1 in Armour
  2087 | D:3      | Reached XP level 4. HP: 35/35 MP: 7/9
  2582 | D:3      | Found Bietusk's Weapon Shop.
  3086 | D:4      | Noticed an ogre
  3096 | D:4      | Killed an ogre
  3097 | D:4      | Reached XP level 5. HP: 31/41 MP: 8/10
  3133 | D:4      | Reached skill level 4 in Unarmed Combat
  3651 | D:4      | Noticed an ogre
  3665 | D:4      | Mangled by an ogre

Illustrated notes

Levels and vault maps discovered:
D:1:      dpeg_arrival_erosion, layout_loops_ring
D:2:      layout_rooms, chequers_ecumenical_altar_simple, basic_altar
D:3:      layout_basic, serial_shops, nicolae_shop_behind_doors
D:4:      layout_basic, mainiacjoe_overflow_24_doors, trog_three_pillars_becter,
          led_sif_pool, chequers_temple_overflow_statue_of_worship

Skill      XL: |  1  2  3  4  5 |
---------------+----------------+-----
Fighting       | 1 2 |  2.0
Unarmed Combat | 3 4 |  4.2
Spellcasting   | 2 |  2.0
Transmutations | 2 |  2.9
Armour         | 1 2 |  2.2
Dodging        | 2 |  2.1

Action                   |  1- 3 |  4- 6 || total
-------------------------+-------+-------++-------
Melee: Unarmed           |   111 |    68 ||   179
       Kick              |    29 |    23 ||    52
       Headbutt          |    16 |    12 ||    28
 Cast: Beastly Appendage |    29 |    13 ||    42
       Wereblood         |     1 |     2 ||     3
 Stab: Sleeping          |     2 |       ||     2
Armor: Robe              |     3 |       ||     3
       Leather armour    |    24 |     3 ||    27
Dodge: Dodged            |    61 |    35 ||    96
